 Dungeon Crawl Stone Soup version 0.29-a0-6-ga859fcf985 (webtiles) character file.

Game seed: 6620532672018749938

285 Lekart the Cutter (level 6, -4/35 (42) HPs)
             Began as a Draconian Chaos Knight on Jan 27, 2022.
             Was a Plaything of Xom.
             Killed from afar by an orc wizard (13 damage)
             ... with a puff of flame
             ... on level 3 of the Dungeon.
             The game lasted 00:07:31 (3888 turns).

Lekart the Cutter (Draconian Chaos Knight)          Turns: 3888, Time: 00:07:32

HP:   -4/35 (42)    AC:  8    Str: 14    XL:     6   Next: 7%
MP:   9/9           EV: 12    Int: 12    God:    Xom [*.....]
Gold: 167           SH:  3    Dex: 13    Spells: 9/9 levels left

rFire   . . .      SeeInvis .   d - +1 whip (elec)
rCold   . . .      Faith    .   g - +0 buckler
rNeg    . . .      Spirit   .   (armour unavailable)
rPois   +          Reflect  .   (helmet restricted)
rElec   .          Harm     .   f - +1 cloak
rCorr   .          Rampage  .   (no gloves)
Will    .....      Rnd*Tele +   (no boots)
Stlth   +.........              (no amulet)
HPRegen 0.11/turn               c - ring of poison resistance
MPRegen 0.11/turn               (no ring)

@: about to teleport, heavily drained
A: AC +6, unfitting armour, cold-blooded, frail 2, screaming 2, teleportitis 1,
subdued magic 1
a: Renounce Religion


You were on level 3 of the Dungeon.
You worshipped Xom.
You were a special plaything of Xom.
You visited 1 branch of the dungeon, and saw 4 of its levels.

You collected 167 gold pieces.

Inventory:

Hand Weapons
 a - a +0 short sword of chaos
 d - a +1 whip of electrocution (weapon)
Armour
 f - a +1 cloak (worn)
 g - a +0 buckler (worn)
Jewellery
 c - a ring of poison resistance (left hand)
Wands
 j - a wand of polymorph (1)
Scrolls
 b - a scroll of teleportation
 i - a scroll of immolation


   Skills:
 + Level 4.4 Fighting
 + Level 4.8 Short Blades
 + Level 3.3 Dodging
 * Level 2.1 Spellcasting
 + Level 0.1 Evocations


You had 9 spell levels left.
You didn't know any spells.
Your spell library contained the following spells:

 Spells                   Type           Power      Damage    Failure   Level
 Frozen Ramparts          Ice            0%         1d2       69%         3
 Ice Form                 Ice/Tmut       0%         N/A       98%         4
 Summon Ice Beast         Ice/Summ       0%         N/A       98%         4


Dungeon Overview and Level Annotations

Branches:
Dungeon (4/15)
 Temple: D:4-7

Altars:
Elyvilon
Xom

Shops:
D:2 =


Innate Abilities, Weirdness & Mutations

Your plain brown scales are hard. (AC +6)
You cannot fit into any form of body armour.
You are cold-blooded and may be slowed by cold attacks.
You are very frail. (-20% HP)
You frequently scream uncontrollably at your foes.
You are occasionally teleported next to monsters.
Your spells are a little easier to cast, but a little less powerful.


Message History

You hear the crackle of electricity.
d - a +1 whip of electrocution (weapon)
You now have 167 gold pieces (gained 11).
An orc wizard comes into view. It is wielding a +0 dagger.
There is a stone staircase leading down here.
The orc wizard shouts!
You feel yourself slow down.
You closely miss the orc. The orc closely misses you.
You barely miss the orc. The orc hits you but does no damage.
You hit the orc.
The orc is moderately wounded.
The orc hits you but does no damage.
You hit the orc.
You kill the orc!
You closely miss the orc wizard.
A rat comes into view.
The orc wizard gestures wildly while chanting.
The orc wizard flickers and vanishes!
Deactivating autopickup; reactivate with Ctrl-A.
You barely miss something.
Your tail-slap misses something.
Something hits you.
You miss something. Something hits you but does no damage.
You closely miss something. Something hits you but does no damage.
A yaktaur comes into view.
You hear some strange, mumbled words.
A puff of flame appears from out of thin air!
The puff of flame hits you.
* * * LOW HITPOINT WARNING * * *
You closely miss something.
Xom makes a sudden noise!
You hear a sizzling sound.
Something hits you.
* * * LOW HITPOINT WARNING * * *
You hit something. Something hits you but does no damage.
You aren't carrying any potions.
As you read the scroll of teleportation, it crumbles to dust.
You feel strangely unstable. Something hits you but does no damage.
You hear some strange, mumbled words.
A puff of flame appears from out of thin air!
The puff of flame hits you!
You die...
Xom bursts into laughter!

##....†....P≈≈♣♣P ≈≈≈P.##....#
##..#.......P≈♣≈PPP≈♣♣≈.......##
...##.#....≈.♣≈PP≈PP♣≈PP.......#
#####.#.....P≈≈P.P≈≈≈≈P..#####.#
### #.....P≈≈crP#...≈≈≈.## ##..#
..# ###...PP♣≈P.#...≈≈PP.###..##
..# ##.P≈P≈PP{....P≈♣P...<.####
..# ##.PPP≈P≈>#.##P≈≈P.##....##
..#####..P≈≈PP..@.##.P≈..##......
........#..≈P##......PPP##.......
..............(........###.......
##.#######.............##........
##..###.......########...........
...........................#...##
###.##.##..........###....#######
###....##......... #....#
....##†#####.....# #....#


You could see a yaktaur and a rat.

Vanquished Creatures
  Crazy Yiuf (D:2)
  An iguana (D:4)
  Natasha (thrice) (D:2)
  An orc wizard (D:3)
  Robin (D:4)
  3 adders
  An adder skeleton (D:4)
  2 worms
  A dart slug (D:1)
  5 orcs (D:3)
  5 ball pythons
  10 endoplasms
  A giant cockroach (D:4)
  11 goblins
  5 hobgoblins
  2 jackals
  6 kobolds
  6 quokkas
  6 bats
  8 frilled lizards
  2 rats
81 creatures vanquished.

Vanquished Creatures (collateral kills)
  A hobgoblin (D:2)
1 creature vanquished.

Vanquished Creatures (others)
  A goblin (D:4)
  9 plants (D:3)
10 creatures vanquished.

Grand Total: 92 creatures vanquished

Notes
Turn   | Place    | Note
-------+----------+-------------------------------------------
     0 | D:1      | Lekart the Draconian Chaos Knight began the quest for the
                  | Orb.
     0 | D:1      | Reached XP level 1. HP: 19/19 MP: 1/1
   110 | D:1      | Reached XP level 2. HP: 26/26 MP: 2/2
   395 | D:1      | XOM: silly message
   743 | D:1      | XOM: divination: magic mapping
   808 | D:1      | Reached XP level 3. HP: 31/33 MP: 4/4
  1063 | D:1      | XOM: silly message
  1196 | D:2      | Found a white marble altar of Elyvilon.
  1348 | D:2      | Found Gosomm's Jewellery Emporium.
  1349 | D:2      | XOM: silly message
  1354 | D:2      | XOM: blink monster(s)
  1360 | D:2      | Reached skill level 1 in Spellcasting
  1418 | D:2      | XOM: summons 4 hostile shadow creatures
  1452 | D:2      | XOM: 4-stop teleportation journey
  1666 | D:2      | Noticed Natasha
  1689 | D:2      | Killed Natasha
  1690 | D:2      | Reached XP level 4. HP: 22/40 MP: 5/5
  1701 | D:2      | XOM: noise
  1702 | D:2      | XOM: divination: magic mapping
  1830 | D:2      | Found a runed translucent door.
  1830 | D:2      | Noticed Crazy Yiuf
  1837 | D:2      | Killed Crazy Yiuf
  1888 | D:2      | Noticed Natasha
  1901 | D:2      | Killed Natasha
  1992 | D:2      | Noticed Natasha
  1995 | D:2      | XOM: summons friendly shadow imp
  2004 | D:2      | Killed Natasha
  2005 | D:2      | Reached XP level 5. HP: 39/46 MP: 7/7
  2081 | D:2      | XOM: cloud trail
  2799 | D:3      | Noticed a shapeshifter
  2799 | D:3      | a worm changed into a shapeshifter
  2799 | D:3      | XOM: polymorph worm -> shapeshifter
  2799 | D:3      | Noticed a guardian serpent
  2799 | D:3      | a shapeshifter changed into a guardian serpent
  2849 | D:2      | XOM: scenery: create altars
  2955 | D:2      | XOM: god gift: 23 stones
  3257 | D:4      | XOM: draining
  3494 | D:4      | Noticed Blork the orc
  3494 | D:4      | Noticed Robin
  3500 | D:4      | XOM: give mutations
  3500 | D:4      | Gained mutation: You are frail. (-10% HP) [Xom's mischief]
  3500 | D:4      | Gained mutation: You occasionally shout uncontrollably at
                  | your foes. [Xom's mischief]
  3500 | D:4      | Gained mutation: You are occasionally teleported next to
                  | monsters. [Xom's mischief]
  3506 | D:4      | Noticed Blork
  3506 | D:4      | Blork the orc changed into Blork the iguana
  3508 | D:4      | Killed Blork the iguana
  3515 | D:4      | Reached XP level 6. HP: 25/40 MP: 9/9
  3527 | D:4      | Killed Robin
  3773 | D:4      | XOM: give mutations
  3773 | D:4      | Gained mutation: Your spells are a little easier to cast,
                  | but a little less powerful. [Xom's mischief]
  3773 | D:4      | Gained mutation: You are very frail. (-20% HP) [Xom's
                  | mischief]
  3773 | D:4      | Gained mutation: You frequently scream uncontrollably at
                  | your foes. [Xom's mischief]
  3799 | D:4      | XOM: enchant monster (bad)
  3836 | D:4      | XOM: divination: detect items
  3884 | D:3      | Noticed a yaktaur
  3885 | D:3      | XOM: noise
  3888 | D:3      | Killed from afar by an orc wizard

Illustrated notes

Levels and vault maps discovered:
D:1:      scummos_arrival_simple_crosswalls, layout_loops_corners,
          serial_forest, infiniplex_forest_lined_3,
          infiniplex_forest_lined_3_way, infiniplex_forest_corner_1,
          infiniplex_forest_clump_small, infiniplex_forest_lined_2,
          infiniplex_forest_end_1, infiniplex_forest_corner_1,
          minmay_pentomino_v4
D:2:      layout_rooms, serial_shops, nicolae_diamond_shop, basic_altar,
          minmay_misc_feat_rows, grunt_decor_one_mirror,
          uniq_crazy_yiuf_cottage, uniq_natasha
D:3:      layout_rooms, serial_bayou_lagoon_a
D:4:      layout_loops_ring, hangedman_abyss_or_decor_passed,
          hangedman_abyss_or_decor_stagger, grunt_ministairs_10,
          hangedman_decor_clover_reticule, uniq_blork_the_orc, uniq_robin

Skill      XL: |  1  2  3  4  5 |
---------------+----------------+-----
Spellcasting   | 1 2 |  2.1
Fighting       | 4 |  4.4
Short Blades   | 4 |  4.8
Dodging        | 3 |  3.3
Evocations     | |  0.1

Action                   |  1- 3 |  4- 6 || total
-------------------------+-------+-------++-------
Melee: Short sword       |   137 |   161 ||   298
       Tailslap          |    10 |    16 ||    26
       Whip              |       |    10 ||    10
Evoke: Wand              |       |     4 ||     4
  Use: Scroll            |     2 |     6 ||     8
       Potion            |     1 |     3 ||     4
 Stab: Petrifying        |     1 |       ||     1
Armor: Skin              |    45 |    73 ||   118
Dodge: Dodged            |    84 |   108 ||   192
Block: Buckler           |       |    13 ||    13

Table legend: (Time is in decaauts)
 A = Elapsed time spent in this place.
 B = Non-inter-level travel time spent in this place.
 C = Inter-level travel time spent in this place.
 D = Time resting spent in this place.
 E = Time spent auto-exploring this place.
 F = Levels seen in this place.
 G = Mean time per level.
                   A        B        C        D        E       F      G
               +--------+--------+--------+--------+--------+-----+--------+
         Total |   3853 |   3758 |     95 |   1139 |   1744 |   4 |  963.2 |
       Dungeon |   3853 |   3758 |     95 |   1139 |   1744 |   4 |  963.2 |
               +--------+--------+--------+--------+--------+-----+--------+

Top non-repeatable levels by time:
     D:2: 1420 daAuts
     D:1: 1192 daAuts
     D:4: 692 daAuts
     D:3: 548 daAuts
